 Dungeon Crawl Stone Soup version 0.30-a0-335-ge5acde7520 (webtiles) character file.

Game seed: 6376153662221392345

1034 gruber the Destroyer (level 8, -7/41 HPs)
             Began as a Deep Elf Conjurer on Oct 30, 2022.
             Killed from afar by an acid dragon (16 damage)
             ... with a splash of acid
             ... on level 6 of the Dungeon.
             The game lasted 00:03:45 (4923 turns).

gruber the Destroyer (Deep Elf Conjurer)            Turns: 4923, Time: 00:03:46

Health: -7/41      AC:  3    Str:  4    XL:     8   Next: 3%
Magic:  4/21       EV: 12    Int: 26    God:
Gold:   228        SH:  0    Dex: 13    Spells: 15/22 levels left

rFire   . . .      SeeInvis .    q - +0 dagger (pain)
rCold   . . .      Faith    .    (no shield)
rNeg    . . .      Spirit   .    a - +0 robe
rPois   .          Reflect  .    (no helmet)
rElec   .          Harm     .    (no cloak)
rCorr   .          Rampage  .    (no gloves)
Will    .....                    p - +0 pair of boots
Stlth   ++........               (no amulet)
HPRegen 0.26/turn                (no ring)
MPRegen 0.17/turn                (no ring)

@: no status effects
A: no striking features
a: no special abilities


You were on level 6 of the Dungeon.
You visited 2 branches of the dungeon, and saw 7 of its levels.

You collected 228 gold pieces.

Inventory:

Hand Weapons
 q - a +0 dagger of pain (weapon)
Armour
 a - a +0 robe (worn)
 p - a +0 pair of boots (worn)
Wands
 o - a wand of flame (1)
Scrolls
 e - 4 scrolls of immolation {unknown}
 f - 2 scrolls of noise {unknown}
 g - 3 scrolls of identify {unknown}
 j - a scroll of blinking {unknown}
 l - a scroll of fear {unknown}
 s - 2 scrolls of amnesia {unknown}
 t - a scroll of poison {unknown}
 u - a scroll of magic mapping {unknown}
 w - a scroll of teleportation {unknown}
 y - 4 scrolls of vulnerability {unknown}
 z - a scroll of torment {unknown}
Potions
 b - 4 potions of magic
 c - a potion of invisibility {unknown}
 d - a potion of haste {unknown}
 h - 2 potions of degeneration {unknown}
 i - 3 potions of heal wounds {unknown}
 k - 2 potions of flight {unknown}
 m - 2 potions of might {unknown}
 n - 2 potions of brilliance {unknown}
 r - a potion of mutation {unknown}
 v - a potion of curing {unknown}
 x - a potion of lignification {unknown}


   Skills:
 - Level 2.4 Dodging
 - Level 2.4 Stealth
 + Level 7.5 Spellcasting
 * Level 9.5 Conjurations


You had 15 spell levels left.
You knew the following spells:

 Your Spells              Type           Power      Damage    Failure   Level
a - Magic Dart            Conj           100%       1d8       1%          1
b - Searing Ray           Conj           100%       2d8       1%          2
c - Iskenderun's Mystic   Conj/Tloc      34%        2d8       9%          4

Your spell library contained the following spells:

 Spells                   Type           Power      Damage    Failure   Level
 Dazzling Flash           Conj/Hex       68%        N/A       2%          3
 Beastly Appendage        Tmut           18%        N/A       6%          1
 Cigotuvi's Dreadful Rot  Necr/Pois/Air  18%        N/A       9%          2
 Wereblood                Tmut           9%         N/A       9%          2
 Fulminant Prism          Conj/Hex       17%        3d10      9%          4
 Spider Form              Tmut/Pois      9%         N/A       19%         3
 Cause Fear               Hex            4%         N/A       52%         4
 Dispel Undead            Necr           9%         3d8       52%         4
 Death Channel            Necr           4%         N/A       100%        6
 Dragon Form              Tmut           4%         N/A       100%        7
 Dragon's Call            Summ           4%         N/A       100%        9


Dungeon Overview and Level Annotations

Branches:
Dungeon (6/15)             Temple (1/1) D:4

Altars:
Ashenzari
Cheibriados
Elyvilon
Fedhas
Gozag
Hepliaklqana
Kikubaaqudgha
Nemelex Xobeh
Okawaru
Qazlal
Ru
Trog
Uskayaw
Wu Jian
Xom
Yredelemnul
Zin
The Shining One

Annotations:
D:4 4 runed translucent doors, Crazy Yiuf; qtw55's ghost, novice MiBe


Message History

The bullfrog is moderately wounded.
The bullfrog closely misses you.
The magic dart hits the bullfrog.
The bullfrog is moderately wounded.
The bullfrog barely misses you.
The magic dart hits the bullfrog.
The bullfrog is heavily wounded.
The bullfrog hits you! The bullfrog misses you.
The magic dart hits the bullfrog.
The bullfrog is severely wounded.
The bullfrog barely misses you.
The magic dart hits the bullfrog.
The bullfrog is almost dead.
The bullfrog hits you. The bullfrog barely misses you.
The acid dragon spits acid at you. The splash of acid misses you.
The magic dart hits the bullfrog.
The bullfrog is almost dead.
The bullfrog releases a deep croak.
The bullfrog hits you.
The magic dart hits the bullfrog.
The bullfrog is almost dead.
The bullfrog closely misses you. The bullfrog hits you.
A rat comes into view.
The bullfrog hits you. The bullfrog hits you.
* * * LOW HITPOINT WARNING * * *
The bullfrog attacks as you move away! The bullfrog hits you.
* * * LOW HITPOINT WARNING * * *
Casting: Magic Dart (safe; 1% risk of failure)
Confirm with . or Enter, or press ? or * to list all spells.
Aiming: Searing Ray (safe; 1% risk of failure)
Press: ? - help, Shift-Dir - straight line, f/p - bullfrog
Aim: a bullfrog (almost dead, 79% to hit)
The searing ray hits the bullfrog!
You kill the bullfrog! (Press . to maintain the ray.)
The acid dragon spits acid at you. The splash of acid hits you!
You die...

######.#######
..##........... ###
.†............# ..#
.#.####r#.....# #..
)#.####...##..# ..
..............###.#
##............##..#
#.)....##....##.#
##........D....@# #
#........#..##.## ..
#.....##.##..#..##...
#...>.##..#..........
#.......#.###...#....
#.....#. .# #........
#.....##.............
#.....####...........
#............


You could see an acid dragon (catching breath).

Vanquished Creatures
  A water moccasin (D:5)
  3 ogres
  A bullfrog (D:6)
  A necrophage (D:4)
  A scorpion (D:5)
  A howler monkey (D:6)
  2 orc priests
  2 hounds (D:4)
  3 iguanas
  An orc wizard (D:3)
  Natasha (thrice) (D:3)
  9 adders
  4 river rats (D:6)
  A shadow imp (D:6)
  An ufetubus (D:6)
  A dart slug (D:3)
  9 orcs
  4 endoplasms
  8 giant cockroaches
  5 goblins
  6 hobgoblins
  7 kobolds
  8 quokkas
  5 ball pythons
  A bat (D:1)
  5 frilled lizards
  14 rats
107 creatures vanquished.

Notes
Turn   | Place    | Note
-------+----------+-------------------------------------------
     0 | D:1      | gruber the Deep Elf Conjurer began the quest for the Orb.
     0 | D:1      | Reached XP level 1. HP: 10/10 MP: 6/6
   360 | D:1      | Reached XP level 2. HP: 15/15 MP: 5/8
   363 | D:1      | Learned a level 2 spell: Searing Ray
   432 | D:1      | Reached skill level 5 in Conjurations
  1062 | D:2      | Reached XP level 3. HP: 19/19 MP: 7/9
  1098 | D:2      | Found a hazy altar of Hepliaklqana.
  1541 | D:3      | Reached XP level 4. HP: 24/24 MP: 3/11
  1544 | D:3      | Reached skill level 6 in Conjurations
  1658 | D:3      | Noticed Natasha
  1661 | D:3      | Killed Natasha
  1770 | D:3      | Noticed Natasha
  1778 | D:3      | Killed Natasha
  1779 | D:3      | Reached XP level 5. HP: 28/28 MP: 7/13
  1955 | D:3      | Noticed Natasha
  1968 | D:3      | Killed Natasha
  2150 | D:3      | Reached skill level 7 in Conjurations
  2625 | D:4      | Reached skill level 5 in Spellcasting
  2625 | D:4      | Reached XP level 6. HP: 32/32 MP: 9/15
  2680 | D:4      | Found a runed translucent door.
  2681 | D:4      | Noticed Crazy Yiuf
  2779 | D:4      | Noticed qtw55's ghost (novice MiBe)
  2800 | D:4      | Found a staircase to the Ecumenical Temple.
  2819 | D:4      | Found a runed translucent gate.
  2819 | D:4      | Identified the +9 dagger "Wouhiont" {freeze, Str+5}
  2820 | D:4      | Found a runed translucent gate.
  2821 | D:4      | Found a runed translucent gate.
  2849 | Temple   | Entered the Ecumenical Temple
  3240 | D:5      | Entered Level 5 of the Dungeon
  3367 | D:4      | Learned a level 4 spell: Iskenderun's Mystic Blast
  3394 | D:5      | Reached skill level 8 in Conjurations
  3474 | D:5      | Reached XP level 7. HP: 21/36 MP: 11/18
  4345 | D:5      | Found a sacrificial altar of Ru.
  4354 | D:5      | Found an iron altar of Okawaru.
  4509 | D:6      | Reached skill level 9 in Conjurations
  4721 | D:6      | Noticed a two-headed ogre
  4739 | D:6      | Reached XP level 8. HP: 25/41 MP: 4/21
  4923 | D:6      | Killed from afar by an acid dragon

Illustrated notes

Levels and vault maps discovered:
D:1:      dpeg_arrival_oval, layout_basic, minmay_worlds_worst_comb
D:2:      layout_rooms, basic_altar
D:3:      layout_rooms, serial_bayou_crossing, uniq_natasha
D:4:      layout_gridville, minmay_temple_entry_mist,
          biasface_ghost_orc_armoury, uniq_crazy_yiuf_cottage
D:5:      lemuel_ice_spiral_2, layout_basic, mainiacjoe_overflow_swirl,
          minmay_crystal_room
D:6:      lemuel_ratsnest, layout_rooms
Temple:   lightli_temple_of_artemis

Skill      XL: |  1  2  3  4  5  6  7 |
---------------+----------------------+-----
Conjurations   | 5 6 7 8 9 |  9.5
Spellcasting   | 4 5 6 7 |  7.5
Dodging        | |  2.4
Stealth        | |  2.4

Action                   |  1- 3 |  4- 6 |  7- 9 || total
-------------------------+-------+-------+-------++-------
Melee: Dagger            |       |       |     3 ||     3
 Cast: Magic Dart        |    69 |    77 |    48 ||   194
       Searing Ray       |     1 |     8 |    14 ||    23
Armor: Robe              |     2 |     3 |     4 ||     9
Dodge: Dodged            |     4 |     8 |    21 ||    33

Table legend: (Time is in decaauts)
 A = Elapsed time spent in this place.
 B = Non-inter-level travel time spent in this place.
 C = Inter-level travel time spent in this place.
 D = Time resting spent in this place.
 E = Time spent auto-exploring this place.
 F = Levels seen in this place.
 G = Mean time per level.
                   A        B        C        D        E       F      G
               +--------+--------+--------+--------+--------+-----+--------+
         Total |   4927 |   4741 |    186 |      0 |   4219 |   7 |  703.9 |
       Dungeon |   4818 |   4653 |    165 |      0 |   4142 |   6 |  803.0 |
        Temple |    109 |     89 |     20 |      0 |     77 |   1 |  109.0 |
               +--------+--------+--------+--------+--------+-----+--------+

Top non-repeatable levels by time:
     D:5: 1148 daAuts
     D:3: 1048 daAuts
     D:4: 828 daAuts
     D:1: 787 daAuts
     D:2: 587 daAuts
     D:6: 417 daAuts
  Temple: 109 daAuts
